 Dungeon Sprint DCSS version 0.21-a0-71-g5e5ddd2 (webtiles) character file.

322 Kidiri the Cleaver (level 6, 0/56 HPs)
             Began as a Minotaur Gladiator on June 19, 2017.
             Was an Initiate of Wu Jian.
             Slain by a merfolk
             ... wielding a +0 trident
              (19 damage)
             ... in the Dungeon (Sprint V: "Ziggurat Sprint").
             The game lasted 00:02:52 (414 turns).

Kidiri the Cleaver (Minotaur Gladiator)              Turns: 414, Time: 00:02:53

Health: 0/56       AC:  3    Str: 25    XL:     6   Next: 22%
Magic:  5/5        EV: 18    Int:  5    God:    Wu Jian [......]
Gold:   0          SH:  0    Dex: 19    Spells: 5/5 levels left

rFire    . . .     SeeInvis +   K - +14 obsidian axe {chop, +Fly SInv *Curse} (curse)
rCold    . . .     Gourm    .   (no shield)
rNeg     . . .     Faith    .   b - +0 leather armour
rPois    .         Spirit   .   c - +0 hat
rElec    .         Reflect  .   (no cloak)
rCorr    .         Harm     .   (no gloves)
MR       .....     NoTele   +   (no boots)
Stlth    +++.......             (no amulet)
HPRegen  0.18/turn              E - +6 ring of strength
MPRegen  0.09/turn              y - +6 ring of dexterity

@: mesmerised
A: retaliatory headbutt, horns 2
a: Renounce Religion, Evoke Flight


You were in the Dungeon.
You worshipped Wu Jian.
Wu Jian was noncommittal.
You were not hungry.

You visited 1 branch

Inventory:

Hand Weapons
 a - a +0 war axe
 K - the cursed +14 obsidian axe (weapon) {chop, +Fly SInv *Curse}
   (You found it in the Dungeon)

   It inflicts extra damage upon your enemies.
   It lets you see invisible.
   It lets you fly.
   It curses itself when equipped.
   It has a curse placed upon it.
Missiles
 d - 3 throwing nets (quivered)
Armour
 b - a +0 leather armour (worn)
 c - a +0 hat (worn)
 L - the +18 shield of the Gong {rElec rN+ MR+ EV-5}
   (You found it in the Dungeon)

   It affects your evasion (-5).
   It insulates you from electricity.
   It protects you from negative energy.
   It affects your resistance to hostile enchantments.
 M - +5 gold dragon scales
 N - the +15 Maxwell's patent armour {-Cast -Tele rElec MR+ rCorr}
   (You found it in the Dungeon)

   It insulates you from electricity.
   It affects your resistance to hostile enchantments.
   It prevents spellcasting.
   It prevents most forms of teleportation.
   It protects you from acid and corrosion.
Jewellery
 y - a +6 ring of dexterity (right hand)
 B - a +6 ring of dexterity
 C - a +6 ring of intelligence
 D - a +6 ring of intelligence
 E - a +6 ring of strength (left hand)
 F - a +6 ring of strength
 O - the ring of Pifuotuub {+Fly rC+}
   (You found it in the Dungeon)

   [ring of flight]

   It protects you from cold.
   It lets you fly.
Wands
 G - a wand of disintegration (7/24)
 H - a wand of iceblast (5/15)
 I - a wand of lightning (5/15)
 J - a wand of acid (5/15)
Scrolls
 k - 4 scrolls of blinking
 r - 4 scrolls of amnesia
 s - 3 scrolls of recharging
 t - 7 scrolls of fog
 u - a scroll of holy word
 v - 5 scrolls of identify
 w - 5 scrolls of remove curse
 x - 2 scrolls of fear
Potions
 e - 10 potions of curing
 g - 9 potions of heal wounds
 h - 6 potions of haste
 i - 7 potions of magic
 j - 2 potions of berserk rage
 l - 2 potions of brilliance
 m - 2 potions of invisibility
 n - 4 potions of resistance
 p - 5 potions of agility
 q - 5 potions of might
Comestibles
 f - 5 bread rations
 z - 42 fruits
 A - 4 meat rations


   Skills:
 + Level 5.6 Fighting
 * Level 8.2 Axes
 + Level 4.6 Throwing
 + Level 5.0 Armour
 * Level 7.6 Dodging
 * Level 5.6 Stealth
 + Level 5.0 Shields


You had 5 spell levels left.
You didn't know any spells.

Dungeon Overview and Level Annotations

Branches:
Dungeon (1/1)

Altars:
Ashenzari
Cheibriados
Dithmenos
Elyvilon
Fedhas
Gozag
Hepliaklqana
Kikubaaqudgha
Makhleb
Nemelex Xobeh
Okawaru
Qazlal
Ru
Sif Muna
Trog
Uskayaw
Vehumet
Wu Jian
Xom
Yredelemnul
Zin
The Shining One
Beogh
Jiyva
Lugonu

Annotations:
D 1 transporter


Innate Abilities, Weirdness & Mutations

You reflexively headbutt those who attack you in melee.
You have a pair of horns on your head.


Message History

3 merfolk come into view.
A merfolk is wielding a trident of freezing.
Visions of slaying the merfolk flood into your mind.
The merfolk shouts! x3
The merfolk unwields an uncursed trident of freezing.
The merfolk drops an uncursed trident of freezing.
The merfolk picks up a +1 quarterstaff of draining.
The merfolk wields a +1 quarterstaff of draining.
You sense an unholy aura.
The merfolk throws a throwing net.
The throwing net completely misses you.
Found four items.
Found a transporter.
Okay, then.
Visions of slaying the merfolk flood into your mind.
Unknown command.
The merfolk hits you with a trident! The merfolk barely misses you.
Unknown command.
The merfolk completely misses you. You furiously retaliate!
You headbutt the merfolk! The merfolk hits you with a trident!!
The merfolk hits you from afar with a trident!!
You die...

▓▓▓▓▓▓▓▓▓▓▓▓▓
▓.8©8.▓.8©8.▓
▓.:)|.▓.....▓
▓...m.▓.:...▓
▓..mm.▓.))..▓
▓...@.▓.....▓
▓.....▓.....▓
▓..(..▓▓▓▓▓▓▓
▓▓▓▓▓▓▓


You could see 3 merfolk.

Vanquished Creatures
  2 spriggans (D)
2 creatures vanquished.

Vanquished Creatures (others)
  Sigmund (D)
1 creature vanquished.

Grand Total: 3 creatures vanquished

Notes
Turn   | Place    | Note
-------+----------+-------------------------------------------
     0 | D        | Kidiri the Minotaur Gladiator began the quest for the Orb.
     0 | D        | Reached XP level 1. HP: 18/18 MP: 0/0
     0 | D        | Found a deep blue altar of Sif Muna.
     0 | D        | Found a sacrificial altar of Ru.
     0 | D        | Found a bloodstained altar of Trog.
     0 | D        | Found a stormy altar of Qazlal.
     0 | D        | Found an iron altar of Okawaru.
     0 | D        | Found a sparkling altar of Nemelex Xobeh.
     0 | D        | Found a blossoming altar of Fedhas.
     2 | D        | Found a transporter.
     2 | D        | Found an ancient bone altar of Kikubaaqudgha.
     2 | D        | Found a viscous altar of Jiyva.
     2 | D        | Found a corrupted altar of Lugonu.
     2 | D        | Found a hazy altar of Hepliaklqana.
     2 | D        | Found a burning altar of Makhleb.
     2 | D        | Found an opulent altar of Gozag.
    82 | D        | Became a worshipper of the Wu Jian Council
   111 | D        | Reached skill level 5 in Axes
   111 | D        | Reached XP level 2. HP: 26/26 MP: 1/1
   114 | D        | Entered arena 2.
   114 | D        | Noticed a spriggan
   114 | D        | Noticed a spriggan
   114 | D        | Found a transporter.
   117 | D        | HP: 1/39 [spriggan/short sword (14)]
   118 | D        | Killed a spriggan
   118 | D        | Reached skill level 7 in Axes
   118 | D        | Reached XP level 3. HP: 1/35 MP: 2/2
   118 | D        | Reached XP level 4. HP: 2/41 MP: 3/3
   118 | D        | Reached XP level 5. HP: 2/47 MP: 4/4
   119 | D        | Killed a spriggan
   119 | D        | Reached skill level 5 in Fighting
   119 | D        | Reached skill level 8 in Axes
   119 | D        | Reached skill level 5 in Armour
   119 | D        | Reached skill level 5 in Stealth
   119 | D        | Reached skill level 5 in Shields
   119 | D        | Reached XP level 6. HP: 3/56 MP: 5/5
   127 | D        | Got the ring of Pifuotuub {+Fly rC+}
   380 | D        | Killed Sigmund
   411 | D        | Entered arena 3.
   411 | D        | Noticed a merfolk
   411 | D        | Noticed a merfolk
   411 | D        | Noticed a merfolk
   411 | D        | Found a transporter.
   414 | D        | Slain by a merfolk

Vault maps used:
D:        sprint_v

Skill      XL: |  1  2  3  4  5 |
---------------+----------------+-----
Fighting       | 3 4 5 |  5.6
Axes           | 5 7 8 |  8.2
Armour         | 2 4 5 |  5.0
Dodging        | 4 6 7 |  7.6
Stealth        | 2 4 5 |  5.6
Shields        | 2 4 5 |  5.0
Throwing       | 4 |  4.6

Action                   |  1- 3 |  4- 6 || total
-------------------------+-------+-------++-------
Melee: Broad axe         |     1 |     1 ||     2
  Use: Potion            |     3 |       ||     3
Dodge: Dodged            |     2 |     4 ||     6
